 Dungeon Crawl Stone Soup version 0.24-a0-70-gf44d0c5 (webtiles) character file.

Game seed: 6782905783859691158

420 Phizionomy the Caller (level 7, 0/38 HPs)
             Began as a Kobold Summoner on Feb 6, 2019.
             Succumbed to a scorpion's poison
             ... on level 4 of the Dungeon.
             The game lasted 00:09:35 (4923 turns).

Phizionomy the Caller (Kobold Summoner)             Turns: 4923, Time: 00:09:36

Health: 0/38       AC:  2    Str:  7    XL:     7   Next: 16%
Magic:  11/12      EV: 16    Int: 17    God:
Gold:   106        SH:  0    Dex: 15    Spells: 6/12 levels left

rFire    + . .     SeeInvis .   p - +2 short sword (venom)
rCold    . . .     Gourm    .   (shield restricted)
rNeg     . . .     Faith    .   a - +0 robe
rPois    .         Spirit   .   (no helmet)
rElec    .         Reflect  .   (no cloak)
rCorr    .         Harm     .   (no gloves)
MR       .....     Clarity  +   (no boots)
Stlth    ++++......             (no amulet)
HPRegen  0.12/turn              (no ring)
MPRegen  0.13/turn              (no ring)

@: lethally poisoned (0 -> -1), very slightly contaminated
A: small, camouflage 1, carnivore, clarity, fire resistance 1, wild magic 1
a: no special abilities


You were on level 4 of the Dungeon.
You were completely stuffed.

You visited 1 branch of the dungeon, and saw 4 of its levels.

You collected 106 gold pieces.

Inventory:

Hand Weapons
 e - a cursed +0 dagger
 f - a +0 club
 h - a +0 short sword
 o - a +2 dagger of venom
 p - a +2 short sword of venom (weapon)
 s - a +0 blowgun
Missiles
 i - 7 tomahawks (quivered)
 t - 10 poisoned needles
Armour
 a - a +0 robe (worn)
Jewellery
 l - an uncursed ring of fire
Scrolls
 d - a scroll of teleportation
 j - 2 scrolls of fear
 m - a scroll of magic mapping
Potions
 k - a potion of brilliance
Comestibles
 c - 2 rations
 n - a chunk of flesh


   Skills:
 + Level 1.1 Fighting
 + Level 4.4 Short Blades
 - Level 0.4 Maces & Flails
 + Level 3.5 Dodging
 + Level 4.8 Stealth
 + Level 3.4 Spellcasting
 + Level 5.2 Summonings


You had 6 spell levels left.
You knew the following spells:

 Your Spells              Type           Power        Failure   Level  Hunger
a - Summon Small Mammal   Summ           ####         3%          1    None
b - Call Imp              Summ           ####....     5%          2    ##.....
c - Call Canine Familiar  Summ           ####....     10%         3    ###....

Your spell library contained the following spells:

 Spells                   Type           Power        Failure   Level  Hunger
 Summon Guardian Golem    Hex/Summ       ###.....     24%         3    ###....
 Summon Ice Beast         Ice/Summ       ###.....     58%         4    ####...
 Summon Lightning Spire   Summ/Air       ###.....     58%         4    ####...


Dungeon Overview and Level Annotations

Branches:
Dungeon (4/15)             Temple (0/1) D:4

Altars:
Cheibriados
Gozag
Okawaru
Xom
The Shining One


Innate Abilities, Weirdness & Mutations

You are small and have problems with some larger weapons.
You are carnivorous and can eat meat at any time.
Your skin changes colour to match your surroundings (Stealth+).
You possess an exceptional clarity of mind.
Your flesh is heat resistant. (rF+)
Your spells are a little harder to cast, but a little more powerful.


Message History

Okay, then.
As you read the scroll labeled YQUEDDUFOM, it crumbles to dust.
You feel aware of your surroundings.
You sensed 2 shops/portals.
It was a scroll of magic mapping.
Blink to where?
Press: ? - help, Dir - move target cursor You are very lightly contaminated with residual magic.
As you read the scroll labeled IREUZ NUOFFEUN GOL, it crumbles to dust.
It was a scroll of blinking.
There is a lethal amount of poison in your body!
There is a lethal amount of poison in your body!
There is a lethal amount of poison in your body!
As you read the scroll labeled TAMUEN AFRIE, it crumbles to dust.
You feel blessed for a moment.
It was a scroll of remove curse.
* * * LOW HITPOINT WARNING * * *
You feel sick.
As you read the scroll of teleportation, it crumbles to dust.
You feel strangely unstable.
Your surroundings suddenly seem different.
You die...

*..........###...###### *,*
*#.###.....# #.....>..# *,*
#.# #####.###...####.# *,*
#^# ##.#.#.## #.# *,* ##.##
##.##.# #.# *,* ##...##
#.##.# ##.# *,# #.....#
#.##.####..####.# ##..)##
#.##........<...#
##..########@#######..#.####
#<..........#######..#.#
#..#######...........#.#
#..# #.########.##.#####
#..# #.# ###.##...... #..#
#.# #........... #..#
####.######.#.########
#..####...†.........#
#.............#######


There were no monsters in sight!

Vanquished Creatures
  Grinder (D:3)
  A crimson imp (D:2)
  An orc wizard (D:4)
  A worker ant (D:4)
  4 adders
  An ooze (D:1)
  2 dart slugs
  3 leopard geckos (D:3)
  9 orcs
  A ball python (D:3)
  3 goblins
  5 hobgoblins
  5 kobolds
  A quokka (D:4)
  3 bats
  7 frilled lizards
  9 rats
57 creatures vanquished.

Vanquished Creatures (collateral kills)
  A scorpion (D:4)
  An orc wizard (D:3)
  A centaur skeleton (D:4)
  2 adders
  An ooze (D:1)
  2 orcs (D:3)
  2 goblins
  A hobgoblin (D:1)
  A frilled lizard (D:1)
  2 kobolds (D:3)
  A rat (D:1)
15 creatures vanquished.

Grand Total: 72 creatures vanquished

Notes
Turn   | Place    | Note
-------+----------+-------------------------------------------
     0 | D:1      | Phizionomy the Kobold Summoner began the quest for the Orb.
     0 | D:1      | Reached XP level 1. HP: 10/10 MP: 3/3
   530 | D:1      | Reached XP level 2. HP: 15/15 MP: 0/5
   543 | D:1      | Learned a level 2 spell: Call Imp
  1567 | D:1      | Reached XP level 3. HP: 18/19 MP: 6/6
  1933 | D:2      | Learned a level 3 spell: Call Canine Familiar
  2371 | D:2      | Found a glowing golden altar of the Shining One.
  2815 | D:2      | Reached skill level 1 in Short Blades
  2815 | D:2      | Reached XP level 4. HP: 19/24 MP: 7/7
  3334 | D:3      | Found a faded altar of an unknown god.
  3365 | D:3      | Reached XP level 5. HP: 19/28 MP: 1/8
  4033 | D:3      | Noticed Grinder
  4059 | D:3      | Killed Grinder
  4059 | D:3      | Reached skill level 1 in Fighting
  4059 | D:3      | Reached skill level 5 in Summonings
  4059 | D:3      | Reached XP level 6. HP: 20/34 MP: 4/10
  4497 | D:3      | Found a shimmering altar of Xom.
  4499 | D:3      | Found a snail-covered altar of Cheibriados.
  4499 | D:3      | Found an opulent altar of Gozag.
  4755 | D:3      | Found an iron altar of Okawaru.
  4755 | D:3      | Found a snail-covered altar of Cheibriados.
  4755 | D:3      | Found an ornate altar of the Wu Jian Council.
  4868 | D:4      | Reached XP level 7. HP: 17/38 MP: 4/12
  4895 | D:4      | Gained mutation: Your spells are a little harder to cast,
                  | but a little more powerful. [potion of mutation]
  4895 | D:4      | Gained mutation: Your flesh is heat resistant. (rF+)
                  | [potion of mutation]
  4895 | D:4      | Gained mutation: You possess an exceptional clarity of
                  | mind. [potion of mutation]
  4895 | D:4      | Gained mutation: Your skin changes colour to match your
                  | surroundings (Stealth+). [potion of mutation]
  4915 | D:4      | HP: 1/38 [poisoned by a scorpion]
  4923 | D:4      | Succumbed to a scorpion's poison

Vault maps used:
D:1:      doesnt_arrival_eight_statues, layout_loops_corners
D:2:      layout_loops_ring, lemuel_doored_altar
D:3:      layout_loops_ring, chequers_ecumenical_altar_simple_redux,
          doesnt_xom_only_xom, uniq_grinder
D:4:      layout_loops_ring, minmay_temple_entry_wispy, serial_shops,
          nicolae_shop_trees, first_ration, cheibrodos_sewer_entry_sluice

Skill      XL: |  1  2  3  4  5  6 |
---------------+-------------------+-----
Stealth        | 3 4 |  4.8
Short Blades   | 1 2 3 4 |  4.4
Dodging        | 3 |  3.5
Fighting       | 1 |  1.1
Spellcasting   | 3 |  3.4
Summonings     | 5 |  5.2
Maces & Flails | |  0.4

Action                   |  1- 3 |  4- 6 |  7- 9 || total
-------------------------+-------+-------+-------++-------
Melee: Unarmed           |     2 |       |       ||     2
       Club              |    39 |       |       ||    39
       Short sword       |    54 |    82 |     8 ||   144
 Cast: Summon Small Mamm |    11 |       |       ||    11
       Call Canine Famil |     1 |     7 |       ||     8
       Call Imp          |     1 |     6 |       ||     7
  Use: Potion            |       |     4 |     1 ||     5
       Scroll            |       |     3 |     5 ||     8
 Stab: Sleeping          |     9 |     5 |     4 ||    18
       Distracted        |       |     1 |       ||     1
  Eat: Chunk             |    15 |     7 |       ||    22
Armor: Robe              |    10 |    10 |       ||    20
Dodge: Dodged            |    69 |    60 |     2 ||   131

Table legend:
 A = Non-vault XP
 B = Vault XP
 C = Vault XP percentage of total XP
 D = Non-vault monster count
 E = Vault monster count
 F = Vault count percentage of total count
                 A         B        C        D         E       F
            +---------+---------+-------+---------+---------+-------
      Total |     350 |     251 |  41.8 |      71 |       1 |   1.4
            +---------+---------+-------+---------+---------+-------
        D:1 |      36 |       0 |   0.0 |      19 |       0 |   0.0
        D:2 |      68 |       0 |   0.0 |      15 |       0 |   0.0
        D:3 |     104 |     251 |  70.7 |      27 |       1 |   3.6
        D:4 |     142 |       0 |   0.0 |      10 |       0 |   0.0
            +---------+---------+-------+---------+---------+-------
